 Dungeon Crawl Stone Soup version 0.27.1-3-gb3d3a73c9e (webtiles) character file.

Game seed: 2822330737503735619

2 Descartes the Magician (level 1, 0/9 HPs)
             Began as a Spriggan Hedge Wizard on Oct 19, 2021.
             Killed from afar by a dart slug (4 damage)
             ... with a slug dart
             ... on level 1 of the Dungeon.
             The game lasted 00:00:49 (248 turns).

Descartes the Magician (Spriggan Hedge Wizard)       Turns: 248, Time: 00:00:50

Health: 0/9        AC:  2    Str:  6    XL:     1   Next: 25%
Magic:  6/6        EV: 17    Int: 15    God:
Gold:   0          SH:  0    Dex: 14    Spells: 7/8 levels left

rFire    . . .     SeeInvis +   a - +0 dagger
rCold    . . .     Faith    .   (shield restricted)
rNeg     . . .     Spirit   .   b - +0 robe
rPois    .         Reflect  .   c - +0 hat
rElec    .         Harm     .   (no cloak)
rCorr    .         Rampage  .   (gloves unavailable)
Will     .....                  (boots unavailable)
Stlth    ++........             (no amulet)
HPRegen  0.03/turn              (no ring)
MPRegen  0.10/turn              (no ring)

@: very quick
A: very small, no large weapons, unfitting armour, see invisible, speed 3
a: no special abilities


You were on level 1 of the Dungeon.
You visited 1 branch of the dungeon, and saw 1 of its levels.

Inventory:

Hand Weapons
 a - a +0 dagger (weapon)
Missiles
 e - 12 stones
Armour
 b - a +0 robe (worn)
 c - a +0 hat (worn)
Scrolls
 d - a scroll of noise {unknown}
 f - a scroll of torment {unknown}
 g - a scroll of fog {unknown}
 h - a scroll of teleportation {unknown}
 i - a scroll of magic mapping {unknown}


   Skills:
 - Level 2.6 Dodging
 - Level 3.0 Stealth
 - Level 4.0 Spellcasting
 + Level 0.9 Conjurations
 - Level 0.7 Summonings
 - Level 1.5 Translocations


You had 7 spell levels left.
You knew the following spells:

 Your Spells              Type           Power      Damage    Failure   Level
a - Magic Dart            Conj           20%        1d4       12%         1

Your spell library contained the following spells:

 Spells                   Type           Power      Damage    Failure   Level
 Blink                    Tloc           N/A        N/A       14%         2
 Call Imp                 Summ           5%         N/A       21%         2
 Slow                     Hex            3%         N/A       26%         2
 Conjure Flame            Conj/Fire      4%         6-21      41%         3
 Mephitic Cloud           Conj/Pois/Air  3%         N/A       43%         3


Dungeon Overview and Level Annotations

Branches:
Dungeon (1/15)

Altars:


Innate Abilities, Weirdness & Mutations

You are very small and have problems with some larger weapons.
You are too small for most types of armour.
You have supernaturally acute eyesight. (SInv)
You cover ground extremely quickly. (Speed+++)


Message History

You hit the rat.
The rat is severely wounded.
The rat barely misses you.
You hit the rat.
You kill the rat!
Found a scroll labelled MOQIMI POMINK.
HP restored.
Things that are here:
a +0 club; a goblin corpse
i - a scroll labelled MOQIMI POMINK A dart slug comes into view.
You hit the dart slug but do no damage. You hit the dart slug but do no damage.
The dart slug launches a dart at you. The slug dart misses you.
You hit the dart slug but do no damage. The dart slug barely misses you.
You hit the dart slug but do no damage. You hit the dart slug but do no damage.
The dart slug barely misses you.
You hit the dart slug but do no damage.
The dart slug bites you but does no damage.
You hit the dart slug but do no damage. The dart slug launches a dart at you.
The slug dart hits you.
You barely miss the dart slug. You hit the dart slug but do no damage.
The dart slug launches a dart at you. The slug dart misses you.
You hit the dart slug but do no damage. The dart slug bites you.
You are too injured to fight recklessly!
You are too injured to fight recklessly!
You hit the dart slug.
The dart slug is moderately wounded.
You hit the dart slug.
The dart slug is heavily wounded.
The dart slug barely misses you.
You hit the dart slug.
The dart slug is almost dead.
The dart slug launches a dart at you. The slug dart hits you.
You die...

#.####### #.#
#.# #.#
###.########
#......#...#
#.#.##.#...#.#
#.#.##.......#
# #....@.....#
####.w.......
...#...####
#####...# ####


You could see a dart slug.

Vanquished Creatures
  A goblin (D:1)
  A rat (D:1)
2 creatures vanquished.

Notes
Turn   | Place    | Note
-------+----------+-------------------------------------------
     0 | D:1      | Descartes the Spriggan Hedge Wizard began the quest for the
                  | Orb.
     0 | D:1      | Reached XP level 1. HP: 9/9 MP: 6/6
   248 | D:1      | Killed from afar by a dart slug

Illustrated notes

Levels and vault maps discovered:
D:1:      amcnicky_arrival_feature_with_door, layout_loops_cross

Action                   || total
-------------------------++-------
Melee: Dagger            ||    20
Armor: Robe              ||     1
Dodge: Dodged            ||    11
